 Dungeon Crawl Stone Soup version 0.28-a0-556-gab23d0e057 (webtiles) character file.

Game seed: 2113417987856909646

613 robertstho the Magician (level 7, -4/73 HPs)
             Began as a Djinni Fire Elementalist on Sept 28, 2021.
             Killed from afar by Ijyb (29 damage)
             ... with a bolt of acid
             ... on level 4 of the Dungeon.
             The game lasted 00:05:24 (4346 turns).

robertstho the Magician (Djinni Fire Elementalist)  Turns: 4346, Time: 00:05:25

Health: -4/73      AC: 19    Str:  7    XL:     7   Next: 72%
Gold:   204        EV:  2    Int: 19    God:
                   SH:  0    Dex: 13

rFire   . . .      SeeInvis .   l - +1 scythe (vorpal)
rCold   . . .      Faith    .   (shield currently unavailable)
rNeg    + + +      Spirit   .   (armour currently unavailable)
rPois   ∞          Reflect  .   (helmet currently unavailable)
rElec   .          Harm     .   (cloak currently unavailable)
rCorr   .          Rampage  .   (gloves currently unavailable)
Will    .....      NoTele   +   (boots unavailable)
Stlth   ++........              (no amulet)
HPRegen 0.22/turn               (no ring)
MPRegen 0.00/turn               (no ring)

@: tree-form, corroded
A: stationary, stasis, torment immunity, boosted hp, sickness immunity, (fire
resistance 2), (cold vulnerability 1), float, innate caster, hp casting, extra
vitality 1
a: no special abilities


You were on level 4 of the Dungeon.
You were a tree.
You visited 1 branch of the dungeon, and saw 4 of its levels.

You collected 204 gold pieces.

Inventory:

Hand Weapons
 b - a +1 short sword
 l - a +1 vorpal scythe (weapon)
Armour
 k - a +2 robe of the Archmagi (melded)
 o - a +0 cloak (melded)
 q - a +0 helmet (melded)
Scrolls
 a - a scroll of fear {unknown}
 c - 2 scrolls of magic mapping
 d - a scroll of enchant armour {unknown}
 g - 2 scrolls of immolation {unknown}
 h - a scroll of fog {unknown}
 i - a scroll of blinking {unknown}
 p - a scroll of noise {unknown}
Potions
 e - 2 potions of lignification
 f - a potion of attraction {unknown}
 j - 2 potions of curing {unknown}
 m - 2 potions of degeneration {unknown}
 n - a potion of brilliance {unknown}
 r - a potion of berserk rage {unknown}
 s - a potion of flight {unknown}


   Skills:
 * Level 2.6 Fighting
 + Level 2.4 Dodging
 + Level 2.0 Stealth
 * Level 5.9 Spellcasting


You couldn't memorise any spells.
You knew the following spells:

 Your Spells              Type           Power      Damage    Failure   Level
a - Foxfire               Conj/Fire      100%       2x1d9     1%          1
b - Scorch                Fire           56%        2d7       1%          2
c - Conjure Flame         Conj/Fire      28%        6-21      3%          3
d - Inner Flame           Hex/Fire       28%        N/A       3%          3
e - Flame Wave            Conj/Fire      28%        3d7       10%         4
f - Sandblast             Erth           56%        2d13      1%          1
g - Corpse Rot            Necr/Air       N/A        N/A       1%          2
h - Ignite Poison         Fire/Tmut/Pois 28%        N/A       3%          3
Your spell library was empty.

Dungeon Overview and Level Annotations

Branches:
Dungeon (4/15)
 Temple: D:4-7

Altars:
Ashenzari
Elyvilon
Okawaru
Qazlal

Shops:
D:2 (

Annotations:
D:4 Ijyb


Innate Abilities, Weirdness & Mutations

You are a tree.
Your roots penetrate the ground, keeping you stationary.
You cannot be teleported.
You are immune to unholy pain and torment.
Your maximum health is greatly increased.
Your equipment is partially melded.
You are immune to sickness and miasma.
You are immune to poison.
((Your flesh is very heat resistant. (rF++)))
((You are vulnerable to cold. (rC-)))
You float through the air rather than walking.
You learn spells naturally, not from books.
Your magical power is your life essence.
You have superior vitality. (+4 HP)


Message History

The ball python barely misses you. The ball python grabs you.
The ball python constricts you.
You slash the ball python!
You kill the ball python!
No target in view!
No target in view!
No target in view!
You now have 204 gold pieces (gained 12).
A kobold comes into view. It is wielding a +0 dagger.
A kobold is nearby!
A kobold is nearby!
A kobold is nearby!
A kobold is nearby!
The kobold throws a stone.
The stone hits you but does no damage.
You closely miss the kobold. The kobold hits you with a +0 dagger.
The kobold barely misses you.
You slash the kobold!
You kill the kobold!
No target in view!
No target in view!
Things that are here:
a +0 dagger; 5 stones
Things that are here:
a +0 dagger; 5 stones Ijyb the Twisted Goblin comes into view.
She is wielding a +0 dagger and carrying a wand of acid (13).
Ijyb shouts!
Ijyb is nearby!
Ijyb is nearby!
Ijyb is nearby!
Ijyb is nearby!
Ijyb zaps a wand.
The bolt of acid hits you!!
Ouch! That really hurt!
The acid corrodes you!
You are too injured to fight recklessly!
It was a potion of lignification.
You turn into a tree.
Your +0 cloak melds into your body.
Your +0 helmet melds into your body.
Your +2 robe of the Archmagi melds into your body.
You feel strangely numb.
Your roots penetrate the ground.
Ijyb zaps a wand.
The bolt of acid hits you!!
You die...

.# #.... ............# #.# #.#
#.##. ###.#####.#### #.# ####.#
#. .# #.# #.# ....# # #.#####.#
#.# ##.#.#. #.......#### #.# ##.#
.# #..........# #.# ##.##.#
##########.# #.#
#...#.###.#..#############.# #.#
.......>.#...g..♣........#.# #.#
#...#####.#.############.#.####(#
##.## #...# #.#[.....# ##.# #.#)#
#.######## .#.######## #.#.# #.#
........... #.#.# #.# .##########
#.#.# #.# .# #.#.# #.# .# #.#.#
#.#


You could see Ijyb.

Vanquished Creatures
  Sigmund (D:3)
  An ogre (D:3)
  A scorpion (D:4)
  Crazy Yiuf (D:3)
  2 orc priests (D:2)
  Natasha (thrice) (D:3)
  A hound skeleton (D:4)
  5 adders
  A worm (D:2)
  5 dart slugs
  3 orcs
  3 endoplasms
  2 giant cockroaches (D:2)
  10 goblins
  5 hobgoblins
  7 jackals
  4 quokkas
  9 ball pythons
  6 bats
  2 frilled lizards
  10 kobolds
  4 rats
86 creatures vanquished.

Vanquished Creatures (collateral kills)
  A foxfire (D:3)
1 creature vanquished.

Vanquished Creatures (others)
  261 foxfires
  20 fungi (D:3)
281 creatures vanquished.

Grand Total: 368 creatures vanquished

Notes
Turn   | Place    | Note
-------+----------+-------------------------------------------
     0 | D:1      | robertstho the Djinni Fire Elementalist began the quest for
                  | the Orb.
     0 | D:1      | Reached XP level 1. HP: 15/15 MP: 0/0
   470 | D:1      | Reached XP level 2. HP: 18/21 MP: 0/0
   713 | D:1      | HP: 1/22 [jackal (1)]
  1106 | D:1      | Reached skill level 1 in Fighting
  1106 | D:1      | Reached XP level 3. HP: 24/27 MP: 0/0
  1106 | D:1      | Learned a level 1 spell: Sandblast
  1114 | D:1      | Reached skill level 3 in Spellcasting
  1638 | D:1      | Found a faded altar of an unknown god.
  1793 | D:2      | Reached XP level 4. HP: 22/32 MP: 0/0
  1797 | D:2      | Reached XP level 5. HP: 21/37 MP: 0/0
  1797 | D:2      | Learned a level 2 spell: Corpse Rot
  2198 | D:2      | Reached skill level 4 in Spellcasting
  2238 | D:2      | Found Necva's Antique Weapon Emporium.
  2975 | D:3      | Noticed Natasha
  2979 | D:3      | Killed Natasha
  2990 | D:3      | Noticed an ogre
  2994 | D:3      | Killed an ogre
  2995 | D:3      | Reached XP level 6. HP: 36/43 MP: 0/0
  3111 | D:3      | Noticed Natasha
  3118 | D:3      | Killed Natasha
  3148 | D:3      | Noticed Sigmund
  3158 | D:3      | Killed Sigmund
  3159 | D:3      | Reached skill level 5 in Spellcasting
  3159 | D:3      | Reached XP level 7. HP: 34/49 MP: 0/0
  3159 | D:3      | Learned a level 3 spell: Ignite Poison
  3295 | D:3      | Found a stormy altar of Qazlal.
  3348 | D:3      | Found an iron altar of Okawaru.
  3458 | D:3      | Noticed Natasha
  3464 | D:3      | Killed Natasha
  3735 | D:3      | Found a runed translucent door.
  3736 | D:3      | Noticed Crazy Yiuf
  3742 | D:3      | Killed Crazy Yiuf
  4083 | D:4      | Found a white marble altar of Elyvilon.
  4277 | D:4      | Found a broken altar of Ashenzari.
  4343 | D:4      | Noticed Ijyb
  4346 | D:4      | Killed from afar by Ijyb

Illustrated notes

Levels and vault maps discovered:
D:1:      mrwooster_arrival_statue, layout_loops_cross,
          dreamdust_ecumenical_altar_hidden_monk_grotto,
          hangedman_decor_peaks_small
D:2:      layout_loops_ring, serial_shops, nicolae_shop_crystal
D:3:      layout_rooms, lemuel_tele_altar, mainiacjoe_overflow_cross_hatched,
          ebering_dispersal_statue_hall, minivault_23, uniq_natasha,
          uniq_crazy_yiuf_cottage, uniq_sigmund
D:4:      layout_loops_ring, kennysheep_mini_moat,
          ashenzari_conservatory_becter, grunt_temple_overflow_gold_and_silver,
          uniq_ijyb

Skill      XL: |  1  2  3  4  5  6  7 |
---------------+----------------------+-----
Fighting       | 1 2 |  2.6
Spellcasting   | 3 4 5 |  5.9
Stealth        | 2 |  2.0
Dodging        | |  2.4

Action                   |  1- 3 |  4- 6 |  7- 9 || total
-------------------------+-------+-------+-------++-------
Melee: Short sword       |     4 |       |       ||     4
       Scythe            |       |       |    11 ||    11
 Cast: Foxfire           |    42 |    95 |    24 ||   161
       Scorch            |    22 |     2 |    22 ||    46
  Use: Scroll            |     2 |       |     1 ||     3
       Potion            |       |       |     1 ||     1
Armor: Robe              |     7 |     2 |     6 ||    15
Dodge: Dodged            |    22 |     2 |     6 ||    30

Table legend: (Time is in decaauts)
 A = Elapsed time spent in this place.
 B = Non-inter-level travel time spent in this place.
 C = Inter-level travel time spent in this place.
 D = Time resting spent in this place.
 E = Time spent auto-exploring this place.
 F = Levels seen in this place.
 G = Mean time per level.
                   A        B        C        D        E       F      G
               +--------+--------+--------+--------+--------+-----+--------+
         Total |   4363 |   4264 |     99 |    284 |   3398 |   4 | 1090.8 |
       Dungeon |   4363 |   4264 |     99 |    284 |   3398 |   4 | 1090.8 |
               +--------+--------+--------+--------+--------+-----+--------+

Top non-repeatable levels by time:
     D:1: 1688 daAuts
     D:2: 1209 daAuts
     D:3: 933 daAuts
     D:4: 531 daAuts
